 Dungeon Crawl Stone Soup version 0.29-a0-40-g8eb35efe60 (webtiles) character file.

Game seed: 4484853273676466132

707 Ajdolov the Digger (level 7, -3/41 HPs)
             Began as an Octopode Earth Elementalist on Feb 1, 2022.
             Was a Follower of Vehumet.
             Shot with a bolt by a kobold (8 damage)
             ... on level 6 of the Dungeon.
             The game lasted 00:07:06 (5476 turns).

Ajdolov the Digger (Octopode Earth Elementalist)    Turns: 5476, Time: 00:07:06

Health: -3/41      AC:  1    Str:  8    XL:     7   Next: 67%
Magic:  10/10      EV: 13    Int: 19    God:    Vehumet [*.....]
Gold:   225        SH:  0    Dex: 12    Spells: 4/10 levels left

rFire   . . .      SeeInvis .   m - +2 dagger (freeze)
rCold   . . .      Faith    .   (no shield)
rNeg    + . .      Spirit   .   (helmet restricted)
rPois   .          Reflect  .   (no amulet)
rElec   .          Harm     .   d - ring of positive energy
rCorr   .          Rampage  .   (no ring)
Will    .....                   (no ring)
Stlth   +++.......              (no ring)
HPRegen 0.13/turn               (no ring)
MPRegen 0.12/turn               (no ring)
                                (no ring)
                                (no ring)

@: lethally poisoned (-3 -> -4)
A: almost no armour, amphibious, 8 rings, camouflage 1, gelatinous body 1,
(nimble swimmer 1), tentacles
a: Renounce Religion


You were on level 6 of the Dungeon.
You worshipped Vehumet.
Vehumet was aware of your devotion.
You visited 1 branch of the dungeon, and saw 6 of its levels.

You collected 225 gold pieces.

Inventory:

Hand Weapons
 i - a +0 dagger of speed
 m - a +2 dagger of freezing (weapon)
Missiles
 b - 84 stones
Jewellery
 d - a ring of positive energy (left tentacle)
Wands
 j - a wand of charming (14)
Scrolls
 f - a scroll of immolation {unknown}
 g - 2 scrolls of identify {unknown}
 h - a scroll of amnesia {unknown}
 l - a scroll of enchant armour {unknown}
 n - a scroll of fear {unknown}
 r - a scroll of vulnerability {unknown}
Potions
 a - a potion of flight {unknown}
 c - a potion of cancellation {unknown}
 e - a potion of attraction {unknown}
 k - a potion of curing {unknown}
 o - a potion of berserk rage {unknown}
 p - a potion of haste {unknown}
 q - a potion of mutation {unknown}


   Skills:
 - Level 2.0 Dodging
 - Level 2.6 Stealth
 - Level 2.0 Spellcasting
 * Level 5.2 Conjurations
 - Level 1.0 Transmutations
 * Level 6.8 Earth Magic


You had 4 spell levels left.
You knew the following spells:

 Your Spells              Type           Power      Damage    Failure   Level
a - Sandblast             Erth           54%        2d13      1%          1
b - Stone Arrow           Conj/Erth      48%        3d10      4%          3
c - Blink                 Tloc           2%         N/A       26%         2

Your spell library contained the following spells:

 Spells                   Type           Power      Damage    Failure   Level
 Shock                    Conj/Air       44%        1d5       6%          1
 Passwall                 Tmut/Erth      13%        N/A       4%          2
 Sublimation of Blood     Necr           1%         N/A       26%         2
 Petrify                  Tmut/Erth      16%        N/A       32%         4
 Irradiate                Conj/Tmut      6%         3d16      78%         5
 Manifold Assault         Tloc           1%         N/A       99%         5
 Storm Form               Tmut/Air       1%         N/A       100%        7


Dungeon Overview and Level Annotations

Branches:
Dungeon (6/15)             Temple (0/1) D:4

Altars:
Elyvilon
Fedhas
Gozag
Uskayaw
Vehumet
Wu Jian
Yredelemnul

Shops:
D:2 (

Annotations:
D:2 1 runed translucent door, Crazy Yiuf


Innate Abilities, Weirdness & Mutations

You cannot wear most types of armour.
You are amphibious.
You can wear up to eight rings at the same time.
Your skin changes colour to match your surroundings (Stealth+).
Your rubbery body absorbs attacks. (AC +1, EV +1)
((You are camouflaged when in or above water. (Stealth+)))
You have tentacles for arms and can constrict up to eight enemies at once.


Message History

r - a scroll labelled PIFEPP YCIBROKKUA Done exploring.
Done exploring.
There is a staircase to the Ecumenical Temple here.
There is a stone staircase leading down here.
You climb downwards.
There is a stone staircase leading up here.
Done exploring.
Done exploring.
There is a stone staircase leading down here.
You climb downwards.
There is a stone staircase leading up here.
A kobold comes into view. It is wielding a +0 short sword.
Found a cloak.
A kobold brigand comes into view.
It is wielding a +0 short sword and quivering poisoned darts.
The kobold brigand shouts!
The kobold shouts!
You hear a loud, deep croak!
The kobold closely misses you.
You barely miss the kobold. Your grab misses the kobold.
A phantom comes into view.
The kobold barely misses you.
The kobold unwields a +0 short sword.
The kobold wields a +0 hand crossbow.
The kobold shoots a bolt.
The bolt closely misses you.
The kobold brigand throws a poisoned dart.
The poisoned dart hits you!
You are poisoned.
You feel very sick.
The kobold brigand throws a poisoned dart.
The poisoned dart closely misses you.
You feel sick.
The kobold shoots a bolt.
The bolt hits you.
A kobold comes into view. It is wielding a +0 club.
You feel sick.
The kobold shoots a bolt.
The bolt hits you!
You feel sick.
The kobold shoots a bolt.
The bolt hits you!
* * * LOW HITPOINT WARNING * * *
You feel sick.
Okay, then.
You feel sick.
You feel sick.
There is a stone staircase leading up here.
You feel sick.
The kobold shoots a bolt.
The bolt hits you!
You die...

......###....##.......
......W.#..# #.....#
.......K..# #.#..#
....##.$..# ##.#..# # .
.#....K####....##.##
..........K....#.....##
...#.##.....##........#
....##........#.#..#..##
.## #..........@....#
#.......#.####.....
.......##### .....#
......## ....## ......
#### .[..# ..


You could see a kobold brigand and a kobold.

Vanquished Creatures
  A water moccasin (D:5)
  An ice beast (D:4)
  An ogre (D:5)
  A phantom (D:5)
  2 bullfrog skeletons (D:5)
  2 hounds
  A jelly (D:5)
  An orc wizard (D:3)
  A scorpion zombie (D:5)
  A gnoll (D:5)
  A howler monkey skeleton (D:5)
  4 adders
  2 ufetubi (D:5)
  3 worms
  A dart slug (D:4)
  7 orcs
  5 bats
  8 endoplasms
  2 giant cockroaches (D:3)
  2 goblins (D:4)
  6 hobgoblins
  8 quokkas
  7 ball pythons
  2 frilled lizards
  2 kobolds (D:4)
  5 rats
77 creatures vanquished.

Notes
Turn   | Place    | Note
-------+----------+-------------------------------------------
     0 | D:1      | Ajdolov the Octopode Earth Elementalist began the quest for
                  | the Orb.
     0 | D:1      | Reached XP level 1. HP: 11/11 MP: 3/3
  1017 | D:1      | Reached XP level 2. HP: 13/17 MP: 5/5
  1702 | D:2      | Found a runed translucent door.
  1703 | D:2      | Noticed Crazy Yiuf
  1777 | D:2      | Reached skill level 4 in Earth Magic
  1836 | D:2      | Reached XP level 3. HP: 21/21 MP: 6/6
  1840 | D:2      | Learned a level 3 spell: Stone Arrow
  1858 | D:2      | Found Ojudoson's Weapon Shop.
  1994 | D:2      | Learned a level 2 spell: Blink
  2307 | D:2      | Identified the +0 long sword "Eveotan" {vorpal, rPois rF+
                  | Dex-3}
  2581 | D:3      | Reached skill level 1 in Conjurations
  2759 | D:3      | Reached XP level 4. HP: 27/27 MP: 4/7
  2922 | D:3      | Found a faded altar of an unknown god.
  3307 | D:3      | Found a hide-covered altar of Uskayaw.
  3309 | D:3      | Found a basalt altar of Yredelemnul.
  3314 | D:3      | Reached XP level 5. HP: 31/31 MP: 5/8
  3316 | D:3      | Found an ornate altar of the Wu Jian Council.
  3316 | D:3      | Found an opulent altar of Gozag.
  3318 | D:3      | Found a white marble altar of Elyvilon.
  3320 | D:3      | Found a blossoming altar of Fedhas.
  3321 | D:3      | Found a radiant altar of Vehumet.
  3325 | D:3      | Became a worshipper of Vehumet
  3444 | D:4      | Found a staircase to the Ecumenical Temple.
  3694 | D:4      | Reached skill level 5 in Earth Magic
  3885 | D:4      | Noticed an ice beast
  3915 | D:5      | Entered Level 5 of the Dungeon
  3992 | D:5      | Noticed a water moccasin
  3996 | D:5      | Killed a water moccasin
  3997 | D:5      | Reached XP level 6. HP: 36/36 MP: 6/9
  4390 | D:5      | Reached skill level 6 in Earth Magic
  4390 | D:5      | Reached XP level 7. HP: 41/41 MP: 6/10
  5073 | D:4      | Reached * piety under Vehumet
  5073 | D:4      | Offered knowledge of Shock by Vehumet.
  5142 | D:4      | Reached skill level 5 in Conjurations
  5476 | D:6      | Shot with a bolt by a kobold

Illustrated notes

Levels and vault maps discovered:
D:1:      nicolae_arrival_memento_mori, layout_loops_ring,
          grunt_decor_mini_mirrors
D:2:      layout_loops_corners, serial_shops, nicolae_shop_hallway_stairs,
          nrook_loot_triangle, chequers_serial_rivers_small_3,
          chequers_serial_rivers_small_3, uniq_crazy_yiuf_cottage
D:3:      layout_rooms, minitemple, hellmonk_ecumenical_altar_slurped_away
D:4:      nicolae_cairo_tiling, layout_loops_cross, minmay_temple_entry_ruins,
          moated_statue
D:5:      minmay_spotlight, layout_cave_pods
D:6:      layout_cave_pools, minmay_hollow_rounded_squares

Skill      XL: |  1  2  3  4  5  6  7 |
---------------+----------------------+-----
Earth Magic    | 4 5 6 |  6.8
Conjurations   | 1 2 3 4 5 |  5.2
Dodging        | |  2.0
Stealth        | |  2.6
Spellcasting   | |  2.0
Transmutations | |  1.0

Action                   |  1- 3 |  4- 6 |  7- 9 || total
-------------------------+-------+-------+-------++-------
Melee: Unarmed           |    47 |     6 |       ||    53
       Tentacles         |    13 |    14 |     2 ||    29
       Constrict         |    11 |    14 |     2 ||    27
       Punch             |     1 |     1 |       ||     2
       Dagger            |       |    42 |     7 ||    49
 Cast: Sandblast         |    24 |    33 |    12 ||    69
       Stone Arrow       |       |       |     5 ||     5
 Stab: Sleeping          |    10 |     5 |     1 ||    16
Armor: Skin              |     5 |     3 |     1 ||     9
Dodge: Dodged            |    33 |    36 |    12 ||    81

Table legend: (Time is in decaauts)
 A = Elapsed time spent in this place.
 B = Non-inter-level travel time spent in this place.
 C = Inter-level travel time spent in this place.
 D = Time resting spent in this place.
 E = Time spent auto-exploring this place.
 F = Levels seen in this place.
 G = Mean time per level.
                   A        B        C        D        E       F      G
               +--------+--------+--------+--------+--------+-----+--------+
         Total |   5467 |   5253 |    214 |    194 |   4430 |   6 |  911.2 |
       Dungeon |   5467 |   5253 |    214 |    194 |   4430 |   6 |  911.2 |
               +--------+--------+--------+--------+--------+-----+--------+

Top non-repeatable levels by time:
     D:1: 1312 daAuts
     D:2: 1256 daAuts
     D:5: 1073 daAuts
     D:4: 973 daAuts
     D:3: 825 daAuts
     D:6: 26 daAuts
